 Dungeon Crawl Stone Soup version 0.28.0-49-g6dfe1f597d (webtiles) character file.

Game seed: 1913204174887655371

646 Zeld the Skirmisher (level 7, -10/58 HPs)
             Began as a Formicid Fighter on May 18, 2022.
             Mangled by an ogre
             ... wielding a +0 giant club
              (22 damage)
             ... on level 5 of the Dungeon.
             The game lasted 00:03:04 (4369 turns).

Zeld the Skirmisher (Formicid Fighter)              Turns: 4369, Time: 00:03:05

Health: -10/58     AC:  7    Str: 29    XL:     7   Next: 82%
Magic:  7/7        EV:  9    Int:  7    God:
Gold:   165        SH:  5    Dex: 10    Spells: 6/6 levels left

rFire   . . .      SeeInvis +   a - +0 war axe
rCold   . . .      Faith    .   c - +0 buckler
rNeg    . . .      Spirit   .   b - +0 scale mail
rPois   .          Reflect  .   (helmet unavailable)
rElec   .          Harm     .   (no cloak)
rCorr   .          Rampage  .   (no gloves)
Will    .....                   (no boots)
Stlth   ..........              (no amulet)
HPRegen 0.19/turn               e - +6 ring of strength
MPRegen 0.10/turn               (no ring)

@: no status effects
A: permanent stasis, dig shafts and tunnels, antennae 3, four strong arms
a: Dig, Shaft Self


You were on level 5 of the Dungeon.
You visited 1 branch of the dungeon, and saw 5 of its levels.

You collected 165 gold pieces.

Inventory:

Hand Weapons
 a - a +0 war axe (weapon)
Armour
 b - a +0 scale mail (worn)
 c - a +0 buckler (worn)
Jewellery
 e - a +6 ring of strength (left hand)
Wands
 h - a wand of polymorph (6)
 l - a wand of mindburst (15)
Scrolls
 f - 2 scrolls of identify {unknown}
 i - 2 scrolls of vulnerability {unknown}
 j - 3 scrolls of noise {unknown}
 k - a scroll of fear {unknown}
 n - a scroll of enchant weapon {unknown}
 o - a scroll of amnesia {unknown}
Potions
 d - a potion of might
 g - 2 potions of heal wounds {unknown}
 m - a potion of mutation {unknown}


   Skills:
 * Level 6.0 Fighting
 * Level 4.9 Axes
 + Level 4.8 Armour
 + Level 5.2 Shields


You had 6 spell levels left.
You didn't know any spells.
Your spell library was empty.

Dungeon Overview and Level Annotations

Branches:
Dungeon (5/15)
 Temple: D:4-7

Altars:
Dithmenos

Shops:
D:3 (


Innate Abilities, Weirdness & Mutations

You cannot be hasted, slowed, berserked, paralysed or teleported.
You can dig through walls and to a lower floor.
You have a pair of large antennae on your head. (SInv)
Your four strong arms can wield two-handed weapons with a shield.


Message History

Found a leather armour.
Found a stone staircase leading down.
The iguana hisses angrily.
You hear a shout!
An ogre comes into view. It is wielding a +0 giant club.
There are monsters nearby!
Your library has no spells.
Unknown command.
An orc comes into view. It is wielding a +0 club.
The orc shouts!
The ogre shouts!
You block the iguana's attack.
You hit the iguana but do no damage. You block the iguana's attack.
You hit the iguana.
The iguana is lightly wounded.
You block the iguana's attack.
You hit the iguana.
The iguana is heavily wounded.
You hit the ogre. The iguana bites you.
The ogre hits you with a +0 giant club!!
The iguana bites you but does no damage.
Unknown command.
You completely miss the iguana.
The iguana is heavily wounded.
You hit the ogre. The ogre hits you with a +0 giant club!
The iguana bites you but does no damage.
Unknown command.
You are too injured to fight recklessly!
You are too injured to fight recklessly!
Unknown command.
You are too injured to fight recklessly!
You slash the ogre!
The ogre is heavily wounded.
You closely miss the iguana. The ogre hits you with a +0 giant club!
* * * LOW HITPOINT WARNING * * *
The iguana closely misses you.
Unknown command.
Unknown command.
You hit the ogre.
The ogre is heavily wounded.
You barely miss the iguana.
The ogre hits you with a +0 giant club!!
You die...

......
###########...>..
...!......#......
##......#.#......
.................
#............###
##
.........l..[...
)# #...@Oo..#
'#######
#..######...
)).....# #..#
<.####.# #..# ..#
#.# #..# ..# #.#
####..#
..####.#.#.....#
####.....#.#...#
.....).###.#.####


You could see an ogre, an iguana and an orc.

Vanquished Creatures
  A water moccasin (D:4)
  2 sky beasts (D:5)
  An ogre (D:5)
  A phantom (D:4)
  A water moccasin skeleton (D:4)
  2 iguanas (D:5)
  3 gnolls (D:5)
  2 adders (D:4)
  2 worms
  A dart slug (D:4)
  5 orcs (D:4)
  2 bats (D:1)
  2 endoplasms
  A giant cockroach (D:4)
  6 goblins
  2 jackals (D:1)
  2 kobolds
  3 quokkas
  2 ball pythons (D:4)
  A frilled lizard (D:1)
  4 rats
46 creatures vanquished.

Notes
Turn   | Place    | Note
-------+----------+-------------------------------------------
     0 | D:1      | Zeld the Formicid Fighter began the quest for the Orb.
     0 | D:1      | Reached XP level 1. HP: 18/18 MP: 1/1
   243 | D:1      | Reached XP level 2. HP: 11/24 MP: 2/2
   875 | D:2      | Found a shadowy altar of Dithmenos.
   884 | D:2      | Reached XP level 3. HP: 24/29 MP: 3/3
   954 | D:3      | Found Vuet's Weapon Boutique.
   980 | D:4      | Noticed a phantom
  1201 | D:4      | Noticed a water moccasin
  1482 | D:4      | Reached skill level 4 in Fighting
  1482 | D:4      | Reached XP level 4. HP: 32/37 MP: 4/4
  1588 | D:4      | Killed a water moccasin
  1589 | D:4      | Reached XP level 5. HP: 30/43 MP: 5/5
  1729 | D:4      | Reached XP level 6. HP: 31/49 MP: 6/6
  2334 | D:5      | Entered Level 5 of the Dungeon
  2641 | D:4      | Reached skill level 5 in Fighting
  3170 | D:5      | Noticed a sky beast
  3226 | D:5      | Killed a sky beast
  3227 | D:5      | Reached XP level 7. HP: 17/56 MP: 7/7
  3508 | D:5      | Reached skill level 5 in Shields
  4005 | D:5      | Reached skill level 6 in Fighting
  4369 | D:5      | Mangled by an ogre

Illustrated notes

Levels and vault maps discovered:
D:1:      shiori_arrival_elements, layout_basic, minmay_tetromino_s4
D:2:      minmay_chambers_of_ones, layout_rooms, basic_altar
D:3:      layout_rooms, basic_ecumenical_altar, serial_shops, shop,
          kennysheep_donut, chequers_serial_rivers_micro_a,
          small_statue_intersection
D:4:      layout_basic, minmay_misc_feat_chi
D:5:      layout_basic, minmay_tree_intersection

Skill      XL: |  1  2  3  4  5  6  7 |
---------------+----------------------+-----
Fighting       | 4 5 6 |  6.0
Axes           | 3 4 |  4.9
Shields        | 4 5 |  5.2
Armour         | 4 |  4.8

Action                   |  1- 3 |  4- 6 |  7- 9 || total
-------------------------+-------+-------+-------++-------
Melee: War axe           |    65 |   107 |    29 ||   201
       Unarmed           |       |     4 |       ||     4
  Use: Potion            |       |     1 |       ||     1
Armor: Scale mail        |    30 |    39 |     8 ||    77
Dodge: Dodged            |    53 |    54 |    16 ||   123
Block: Buckler           |    14 |    15 |    14 ||    43
